 Dungeon Crawl Stone Soup version 0.23.2-40-g277498a001 (webtiles) character file.

Game seed: 3313666812264623678

20 Descartes the Skirmisher (level 3, 0/29 HPs)
             Began as a Formicid Wanderer on Aug 19, 2019.
             Slain by a hobgoblin
             ... wielding a +0 club
              (5 damage)
             ... on level 1 of the Dungeon.
             The game lasted 00:01:56 (342 turns).

Descartes the Skirmisher (Formicid Wanderer)         Turns: 342, Time: 00:01:57

Health: 0/29       AC:  2    Str: 15    XL:     3   Next: 0%
Magic:  6/6        EV: 11    Int: 15    God:
Gold:   0          SH:  0    Dex:  8    Spells: 5/6 levels left

rFire    . . .     SeeInvis +   a - +0 hand axe
rCold    . . .     Gourm    .   (no shield)
rNeg     . . .     Faith    .   d - +0 robe
rPois    .         Spirit   .   (helmet unavailable)
rElec    .         Reflect  .   (no cloak)
rCorr    .         Harm     .   (no gloves)
MR       .....                  (no boots)
Stlth    +.........             (no amulet)
HPRegen  0.09/turn              (no ring)
MPRegen  0.10/turn              (no ring)

@: no status effects
A: permanent stasis, dig shafts and tunnels, four strong arms, antennae 3
a: Dig, Shaft Self


You were on level 1 of the Dungeon.
You were not hungry.

You visited 1 branch of the dungeon, and saw 1 of its levels.

Inventory:

Hand Weapons
 a - a +0 hand axe (weapon)
Armour
 d - a +0 robe (worn)
Wands
 c - a wand of enslavement (15)
Scrolls
 e - 2 scrolls of identify {unknown}
Potions
 g - a potion of invisibility {unknown}
Comestibles
 b - 3 chunks of flesh
 f - 2 rations


   Skills:
 + Level 3.4 Fighting
 + Level 2.2 Axes
 - Level 1.0 Throwing
 + Level 0.6 Armour
 + Level 0.4 Dodging
 + Level 2.3 Spellcasting
 + Level 0.5 Conjurations
 + Level 1.9 Poison Magic
 - Level 1.1 Evocations


You had 5 spell levels left.
You knew the following spells:

 Your Spells              Type           Power        Failure   Level  Hunger
a - Sting                 Conj/Pois      #...         13%         1    #......

Your spell library contained the following spells:

 Spells                   Type           Power        Failure   Level  Hunger
 Spider Form              Tmut/Pois      #.........   41%         3    ###....


Dungeon Overview and Level Annotations

Branches:
Dungeon (1/15)

Altars:


Innate Abilities, Weirdness & Mutations

You cannot be hasted, slowed, berserked, paralysed or teleported.
You can dig through walls and to a lower floor.
Your four strong arms can wield two-handed weapons with a shield.
You have a pair of large antennae on your head. (SInv)


Message History

You closely miss the jackal. The jackal closely misses you.
The jackal misses you.
You hit the jackal.
You kill the jackal!
The rat twitches its whiskers.
You closely miss the frilled lizard. The frilled lizard bites you.
Some of the chunks of flesh in your inventory have rotted away.
You hit the frilled lizard.
You kill the frilled lizard!
You have reached level 3!
Your experience leads to an increase in your attributes!
Increase (S)trength, (I)ntelligence, or (D)exterity?
You feel stronger.
You barely miss the hobgoblin. The hobgoblin hits you with a +0 club.
You closely miss the hobgoblin. The hobgoblin barely misses you.
The hobgoblin hits you with a +0 club.
* * * LOW HITPOINT WARNING * * *
You barely miss the hobgoblin. The hobgoblin closely misses you.
You hit the hobgoblin but do no damage. The hobgoblin hits you with a +0 club.
You die...

..### .#... .. ... ..#..
...#.# #.# #.# ..#.####
#....#...... #.#....
.....#.#>#
#.#..######..........
#.#...........h#.#.#.#.#.
#.....####...# #hr.......
#...........# #g########
#.##...##...# #@#
#.##........####.#
#.#...####.......#
#.#...........####
#....######..##
#............##
#.#.########..#
#.#..(........##
#..............#


You could see a jackal, a hobgoblin and a rat.

Vanquished Creatures
  2 dart slugs (D:1)
  2 bats (D:1)
  2 goblins (D:1)
  4 jackals (D:1)
  2 frilled lizards (D:1)
  3 rats (D:1)
15 creatures vanquished.

Notes
Turn   | Place    | Note
-------+----------+-------------------------------------------
     0 | D:1      | Descartes the Formicid Wanderer began the quest for the
                  | Orb.
     0 | D:1      | Descartes set off with the following items: a +0 hand axe,
                  | a wand of enslavement (15), a +0 robe, a ration; and the
                  | following spell memorised: Sting; and the following spells
                  | available to memorise: Spider Form
     0 | D:1      | Reached XP level 1. HP: 18/18 MP: 3/3
   103 | D:1      | Reached XP level 2. HP: 24/24 MP: 3/5
   338 | D:1      | Reached XP level 3. HP: 11/29 MP: 6/6
   342 | D:1      | Slain by a hobgoblin

Action                   || total
-------------------------++-------
Melee: Hand axe          ||    33
 Cast: Sting             ||    14
Armor: Robe              ||    10
Dodge: Dodged            ||    22
